Map: Frozen Temple

Players

IIIIIIIIIIII - Winner!

  • Race: Terran Terran
  • League: Master

NORTHAMERICA

  • Race: Protoss Protoss
  • League: Master

VOD

Have the link to the VOD?

Description

Time

  • Played on: Aug. 13, 2016, 12:36 a.m.
  • Length: 11:25
Show
View Real Time Build Order
Export as new Build Order

IIIIIIIIIIII Terran - Winner!

Build Orders: MMM Bio 

Get SALT Encoding   

  12  0:00  SCV  
  13  0:13  SCV  
  14  0:17  Supply Depot  
  14  0:25  SCV  
  14  0:28  Refinery  
  15  0:38  SCV  
  16  0:45  Barracks  
  16  0:50  SCV  
  17  1:03  SCV  
  18  1:15  SCV  
  19  1:32  Marine, Orbital Command  
  19  1:33  Factory  
  20  1:40  Supply Depot  
  20  1:52  Barracks Reactor  
  20  1:58  SCV  
  21  2:12  Command Center  
  22  2:15  SCV  
  22  2:28  SCV  
  23  2:31  Supply Depot  
  23  2:34  Hellion x2  
  27  2:38  Marine  
  27  2:40  SCV  
  29  2:47  Starport  
  29  2:51  Refinery  
  29  2:53  SCV  
  30  3:04  Marine x2  
  32  3:05  Widow Mine  
  32  3:09  SCV  
  35  3:21  SCV  
  35  3:22  Marine x2  
  35  3:26  Orbital Command, Medivac  
  40  3:36  Barracks  
  40  3:37  Widow Mine  
  40  3:39  SCV  
  40  3:41  Marine  
  44  3:44  Marine  
  45  3:51  SCV  
  45  3:53  SCV  
  47  3:57  Supply Depot  
  47  3:58  Medivac  
  49  4:03  SCV  
  49  4:05  Marine  
  49  4:06  SCV, Marine  
  53  4:16  SCV, Liberator  
  54  4:19  SCV  
  54  4:21  Supply Depot  
  54  4:23  Factory Tech Lab, Barracks Tech Lab  
  55  4:25  Marine x2  
  55  4:29  SCV  
  58  4:36  Bunker  
  61  4:48  Marine x2  
  61  4:49  Marine  
  61  4:50  Siege Tank  
  63  4:54  Engineering Bay  
  63  4:55  Barracks  
  63  4:56  SCV  
  63  4:57  SCV, Supply Depot  
  63  5:10  Marine x2  
  63  5:11  Stimpack, Marauder  
  63  5:12  SCV x2  
  67  5:24  SCV x2, Refinery  
  67  5:25  Siege Tank  
  67  5:27  Marine  
  71  5:28  Refinery  
  71  5:32  Marine  
  69  5:39  SCV x2  
  67  5:42  Marine  
  67  5:44  Barracks Tech Lab  
  67  5:47  Barracks  
  67  5:48  Barracks  
  68  5:51  SCV x2  
  68  5:52  Marine  
  68  5:53  Supply Depot  
  68  5:55  Medivac  
  73  6:03  SCV x2  
  77  6:04  Marauder  
  77  6:05  Marine  
  77  6:07  Combat Shields  
  78  6:14  Siege Tank  
  78  6:15  SCV, Supply Depot  
  78  6:16  Marine x2  
  84  6:22  SCV  
  86  6:31  Marauder  
  87  6:37  Marine x3  
  87  6:38  Supply Depot  
  90  6:41  Barracks Reactor  
  90  6:42  Medivac x2  
  90  6:45  SCV x2  
  96  6:51  Siege Tank  
  96  6:52  Marine  
  100  6:57  SCV  
  100  6:59  Marine, Supply Depot x2  
  100  7:00  Marauder  
  104  7:03  Marine  
  102  7:16  Marine  
  102  7:17  Marine, Medivac  
  102  7:21  Marine  
  105  7:23  Siege Tank  
  105  7:28  Marine  
  105  7:29  Marauder, Marine  
  98  7:37  Marauder, Marine  
  87  7:39  Marine  
  87  7:41  Medivac  
  87  7:43  Command Center  
  81  7:46  Marine x2  
  81  7:51  Medivac  
  85  7:52  Marauder  
  85  7:55  SCV  
  85  7:56  SCV  
  90  8:01  Barracks Tech Lab  
  90  8:02  Barracks Reactor  
  89  8:09  Marauder, Marine x2  
  89  8:12  Terran Infantry Weapons Level 1  
  93  8:14  Armory, Engineering Bay, Liberator  
  93  8:18  SCV x2  
  95  8:26  Liberator  
  95  8:27  Marine x2  
  99  8:30  SCV, Siege Tank  
  99  8:33  Marine x3  
  107  8:35  SCV  
  107  8:39  Marine  
  109  8:42  Refinery  
  109  8:45  Marine x2  
  113  8:52  Refinery  
  108  8:56  Marauder, Marine x2  
  108  8:58  Orbital Command  
  108  9:01  Marine  
  108  9:02  Marauder  
  111  9:03  Marine x2  
  106  9:14  Marine  
  106  9:16  Marauder  
  92  9:17  Marine  
  92  9:19  Marine  
  92  9:21  Marine  
  92  9:22  Marine x2  
  85  9:31  Marine  
  85  9:35  Marauder  
  85  9:37  Marine x2  
  89  9:39  Marine x2  
  89  9:40  Marine  
  86  9:49  Marine  
  87  9:54  Marine  
  87  9:55  Marine  
  87  9:56  SCV, Marine  
  87  9:57  SCV x2, Marine x2  
  87  9:58  Marine  
  96  10:07  Marine  
  96  10:12  Marine  
  96  10:13  Marine  
  94  10:14  Marine  
  94  10:16  Marine  
  94  10:17  Marauder  
  94  10:21  Marine  
  94  10:25  Marine  
  96  10:30  Marine  
  96  10:31  Marine  
  96  10:32  Marine  
  96  10:34  Marine  
  100  10:39  Marine  
  100  10:40  Marauder  
  103  10:43  Marine  
  103  10:48  Marine x2  
  106  10:50  Marine  
  106  10:52  Marine  
  108  10:57  Marine  
  108  11:01  Marauder  
  116  11:04  Marine  
Show
View Real Time Build Order
Export as new Build Order

NORTHAMERICA Protoss 

Build Orders: 1 Gate Expand 

Get SALT Encoding   

  12  0:01  Probe (Chrono Boost)  
  13  0:11  Probe (Chrono Boost)  
  14  0:18  Pylon  
  14  0:22  Probe (Chrono Boost)  
  15  0:36  Probe (Chrono Boost), Gateway  
  16  0:47  Probe (Chrono Boost)  
  16  0:48  Assimilator  
  17  0:57  Probe (Chrono Boost)  
  18  1:08  Probe (Chrono Boost)  
  19  1:17  Nexus  
  19  1:21  Probe (Chrono Boost)  
  20  1:31  Cybernetics Core  
  20  1:35  Probe (Chrono Boost)  
  21  1:42  Assimilator  
  21  1:46  Probe (Chrono Boost)  
  22  1:55  Pylon  
  22  1:56  Probe (Chrono Boost)  
  22  2:09  Adept  
  22  2:11  Warp Gate  
  22  2:12  Probe (Chrono Boost)  
  25  2:25  Mothership Core (Chrono Boost)  
  27  2:32  Probe (Chrono Boost)  
  28  2:40  Robotics Facility  
  28  2:42  Probe (Chrono Boost)  
  28  2:43  Probe (Chrono Boost)  
  30  2:53  Probe (Chrono Boost)  
  30  2:56  Probe (Chrono Boost)  
  30  2:58  Gateway  
  32  3:03  Gateway  
  32  3:04  Adept  
  35  3:20  Probe (Chrono Boost)  
  35  3:21  Probe (Chrono Boost)  
  35  3:24  Pylon  
  36  3:30  Observer  
  36  3:31  Probe (Chrono Boost)  
  36  3:32  Probe (Chrono Boost)  
  39  3:42  Probe (Chrono Boost)  
  39  3:43  Probe (Chrono Boost)  
  39  3:44  Twilight Council  
  41  3:52  Probe (Chrono Boost)  
  41  3:53  Probe (Chrono Boost)  
  44  3:55  Observer  
  44  4:03  Probe (Chrono Boost)  
  44  4:04  Probe (Chrono Boost)  
  44  4:05  Pylon  
  46  4:13  Probe (Chrono Boost), Blink  
  46  4:14  Probe (Chrono Boost), Pylon  
  48  4:18  Stalker x3  
  55  4:24  Probe (Chrono Boost)  
  55  4:27  Probe (Chrono Boost), Assimilator  
  56  4:35  Forge  
  56  4:40  Probe (Chrono Boost)  
  55  4:55  Immortal  
  59  5:01  Nexus  
  59  5:03  Pylon  
  57  5:09  Probe (Chrono Boost)  
  57  5:10  Probe (Chrono Boost)  
  51  5:19  Stalker x2  
  51  5:20  Probe (Chrono Boost), Stalker  
  59  5:22  Probe (Chrono Boost)  
  59  5:30  Probe (Chrono Boost)  
  59  5:34  Probe (Chrono Boost)  
  61  5:41  Probe (Chrono Boost)  
  62  5:43  Photon Cannon  
  62  5:46  Probe (Chrono Boost)  
  62  5:48  Immortal  
  62  5:51  Probe (Chrono Boost)  
  62  5:55  Gateway  
  62  5:56  Gateway  
  66  5:58  Probe (Chrono Boost)  
  66  6:02  Probe (Chrono Boost)  
  66  6:03  Sentry  
  69  6:05  Resonating Glaives  
  69  6:06  Pylon  
  69  6:11  Probe (Chrono Boost)  
  70  6:13  Probe (Chrono Boost)  
  71  6:22  Pylon  
  71  6:25  Stalker x2  
  75  6:31  Probe (Chrono Boost)  
  76  6:33  Immortal  
  76  6:39  Adept  
  82  6:44  Pylon  
  82  6:49  Probe (Chrono Boost), Pylon  
  82  6:50  Adept  
  82  6:51  Adept  
  87  7:01  Adept x2  
  87  7:02  Adept  
  89  7:09  Probe (Chrono Boost)  
  85  7:26  Adept  
  85  7:27  Adept x4  
  85  7:29  Warp Prism  
  71  7:38  Protoss Ground Armor Level 1  
  71  7:44  Probe x2 (Chrono Boost)  
  70  7:45  Photon Cannon  
  70  7:48  Probe (Chrono Boost), Photon Cannon  
  72  7:55  Probe x2 (Chrono Boost)  
  74  7:59  Probe (Chrono Boost)  
  76  8:05  Probe (Chrono Boost)  
  76  8:07  Sentry, Pylon  
  76  8:08  Stalker x2  
  76  8:11  Probe (Chrono Boost)  
  83  8:14  Probe (Chrono Boost)  
  83  8:16  Probe (Chrono Boost)  
  83  8:17  Immortal  
  85  8:25  Probe (Chrono Boost)  
  90  8:30  Probe (Chrono Boost), Sentry  
  93  8:37  Gateway  
  93  8:38  Zealot x2  
  93  8:41  Adept  
  99  8:42  Adept  
  101  8:53  Immortal  
  97  8:56  Stalker  
  103  9:05  Adept x2  
  103  9:07  Adept x2  
  99  9:22  Stalker  
  89  9:26  Stalker x2  
  89  9:27  Immortal  
  89  9:30  Probe (Chrono Boost)  
  87  9:31  Probe (Chrono Boost)  
  87  9:40  Stalker x2  
  88  9:47  Probe (Chrono Boost), Assimilator  
  88  9:48  Probe (Chrono Boost)  
  88  9:49  Assimilator  
  88  9:51  Zealot x2  
  93  9:55  Stalker  
  95  10:01  Immortal  
  95  10:03  Stalker  
  95  10:04  Stalker  
  95  10:05  Adept  
  91  10:15  Stalker x2  
  83  10:32  Stalker x3  
  83  10:36  Probe (Chrono Boost)  
  83  10:40  Stalker  
  83  10:42  Adept  
  87  10:43  Adept  
  87  10:56  Adept x3  
  86  11:01  Assimilator  
  84  11:05  Adept x2  
  86  11:18  Stalker x3  
Tags
 
Add a new tag
Caveats
  • Supply blocks, unpowered buildings, or Contaminate may cause inaccurate times.
  • Supply counts are checked every 10 seconds.